 Dungeon Crawl Stone Soup version 0.27-a0-686-gaed091b46b (webtiles) character file.

Game seed: 4594504033425339892

89 dolemite99 the Ruffian (level 4, -5/36 HPs)
             Began as a Troll Warper on Mar 21, 2021.
             Was an Initiate of Hepliaklqana.
             Asphyxiated
             ... on level 2 of the Dungeon.
             The game lasted 00:02:50 (1850 turns).

dolemite99 the Ruffian (Troll Warper)               Turns: 1850, Time: 00:02:50

Health: -5/36      AC:  9    Str: 20    XL:     4   Next: 31%
Magic:  4/4        EV:  9    Int:  9    God:    Hepliaklqana [......]
Gold:   58         SH:  0    Dex:  9    Spells: 5/5 levels left

rFire    . . .     SeeInvis .     - Unarmed
rCold    . . .     Faith    .   (no shield)
rNeg     . . .     Spirit   .   a - +0 robe
rPois    .         Reflect  .   (helmet restricted)
rElec    .         Harm     .   m - +0 cloak
rCorr    .         Rampage  .   (gloves unavailable)
Will     .....                  (boots unavailable)
Stlth    +.........             (no amulet)
HPRegen  1.12/turn              g - +4 ring of protection {=R}
MPRegen  0.09/turn              (no ring)

@: lethally poisoned (-5 -> -7)
A: reduced essence, large, unfitting armour, claws 3, regeneration 1, shaggy fur
1, tough skin 1
a: Renounce Religion, Recall Ancestor, Ancestor Identity


You were on level 2 of the Dungeon.
You worshipped Hepliaklqana.
Hepliaklqana was noncommittal.
You visited 1 branch of the dungeon, and saw 3 of its levels.

You collected 58 gold pieces.

Inventory:

Missiles
 d - 46 stones
 k - a javelin (quivered)
Armour
 a - a +0 robe (worn)
 m - a +0 cloak (worn)
Jewellery
 g - a +4 ring of protection (right claw) {=R}
Wands
 j - a wand of polymorph (9)
Scrolls
 b - a scroll of identify {unknown}
 c - a scroll of blinking
 h - a scroll of vulnerability {unknown}
Potions
 e - a potion of magic {unknown}
 f - a potion of ambrosia {unknown}
 i - a potion of curing {unknown}
 l - a potion of degeneration {unknown}


   Skills:
 - Level 1.5 Fighting
 - Level 0.8 Throwing
 - Level 1.9 Dodging
 + Level 4.6 Unarmed Combat
 - Level 1.2 Spellcasting
 - Level 2.1 Translocations


You had 5 spell levels left.
You didn't know any spells.
Your spell library contained the following spells:

 Spells                   Type           Power      Damage    Failure   Level
 Blink                    Tloc           N/A        N/A       22%         2
 Gell's Gravitas          Tloc           2%         N/A       41%         3
 Lesser Beckoning         Tloc           2%         N/A       41%         3
 Teleport Other           Tloc           4%         N/A       41%         3
 Manifold Assault         Tloc           4%         N/A       82%         4


Dungeon Overview and Level Annotations

Branches:
Dungeon (3/15)

Altars:
Hepliaklqana
Uskayaw

Shops:
D:1 (

Annotations:
D:2 exclusion: downstairs
D:3 Sigmund


Innate Abilities, Weirdness & Mutations

Your life essence is reduced to manifest your ancestor. (-10% HP)
You are too large for most types of armour.
You have claws for hands.
Your natural rate of healing is unusually fast.
You are covered in fur. (AC +1)
You have tough skin. (AC +1)


Message History

The kobold brigand is moderately wounded.
You feel sick. The kobold hits you with a +0 club.
Nenetl hits the kobold.
The kobold dies!
The kobold brigand hits you but does no damage.
The goblin completely misses you. The kobold hits you but does no damage.
You barely miss the kobold brigand.
The kobold brigand is moderately wounded.
You feel sick.
Nenetl hits the kobold brigand but does no damage.
The kobold brigand hits you but does no damage.
The goblin closely misses you. The kobold hits you with a +0 club.
Nenetl barely misses the kobold brigand.
The kobold brigand hits you but does no damage.
The goblin closely misses you.
You closely miss the kobold brigand.
The kobold brigand is moderately wounded.
You feel sick. The kobold hits you with a +0 club.
Nenetl closely misses the kobold brigand.
The kobold brigand barely misses you. The goblin barely misses you.
You closely miss the kobold brigand.
The kobold brigand is moderately wounded.
The kobold hits you but does no damage.
Nenetl closely misses the kobold brigand.
The kobold brigand hits you with a +0 dagger!
* * * LOW HITPOINT WARNING * * *
The goblin hits you.
* * * LOW HITPOINT WARNING * * *
The kobold hits you with a +0 club.
* * * LOW HITPOINT WARNING * * *
You feel yourself speed up.
You feel sick.
Nenetl hits the kobold brigand.
Nenetl closely misses the kobold brigand.
The goblin hits you.
* * * LOW HITPOINT WARNING * * *
The kobold hits Nenetl with a +0 club.
Nenetl hits the kobold brigand.
The kobold brigand throws a curare-tipped dart.
The curare-tipped dart hits you.
You are more poisoned.
You have difficulty breathing.
You die...

.......# #.## .......#
##.## .......# #...##
...... #.P.P# .... #....#
##'#### #....##
#.....###########..... .
#.....'.†.............
...##(RK.@################
_...'†Kg...........#
...##.....########.#######
....##.....# #.#......
#### #..####
######'#'####. ### #..#
#...........#. ...#
#..........<#. ....
#...)......##. .....
#....†.......g


You could see the friendly Nenetl the ancestor, a kobold brigand (ally target),
a goblin and a kobold.

Vanquished Creatures
  Crazy Yiuf (D:2)
  2 oozes
  A dart slug (D:1)
  A leopard gecko (D:1)
  An orc (D:3)
  2 giant cockroaches (D:1)
  6 goblins
  5 hobgoblins
  3 jackals (D:2)
  A quokka (D:1)
  A ball python (D:1)
  3 bats (D:2)
  A frilled lizard (D:1)
  10 kobolds
  6 rats
44 creatures vanquished.

Vanquished Creatures (collateral kills)
  2 goblins (D:2)
  A kobold (D:2)
3 creatures vanquished.

Vanquished Creatures (others)
  3 ancestors (D:2)
3 creatures vanquished.

Grand Total: 50 creatures vanquished

Notes
Turn   | Place    | Note
-------+----------+-------------------------------------------
     0 | D:1      | dolemite99 the Troll Warper began the quest for the Orb.
     0 | D:1      | Reached XP level 1. HP: 19/19 MP: 1/1
   100 | D:1      | Reached XP level 2. HP: 27/27 MP: 2/2
   107 | D:1      | Reached skill level 3 in Unarmed Combat
   556 | D:1      | Found Ukkurat's Antique Weapon Shoppe.
   752 | D:1      | Reached XP level 3. HP: 33/33 MP: 3/3
  1036 | D:2      | Found a hazy altar of Hepliaklqana.
  1052 | D:2      | Reached skill level 4 in Unarmed Combat
  1165 | D:2      | Became a worshipper of Hepliaklqana the Forgotten
  1614 | D:3      | Noticed Sigmund
  1744 | D:2      | Found a runed translucent door.
  1745 | D:2      | Noticed Crazy Yiuf
  1757 | D:2      | Killed Crazy Yiuf
  1758 | D:2      | Reached XP level 4. HP: 10/36 MP: 4/4
  1832 | D:2      | Noticed a kobold brigand
  1836 | D:2      | Found a hide-covered altar of Uskayaw.
  1850 | D:2      | Asphyxiated

Illustrated notes

Levels and vault maps discovered:
D:1:      dpeg_arrival_shrine, layout_basic, serial_shops, shop
D:2:      layout_basic, old_standard_altar, nicolae_uskayaw_dance_studio,
          chequers_serial_rivers_micro_a, uniq_crazy_yiuf_cottage
D:3:      layout_rooms, lemuel_crystal_altar, serial_glass, glass_columns_a,
          glass_columns_b, uniq_robin, uniq_natasha, uniq_sigmund

Skill      XL: |  1  2  3 |
---------------+----------+-----
Unarmed Combat | 3 4 |  4.6
Fighting       | |  1.5
Throwing       | |  0.8
Dodging        | |  1.9
Spellcasting   | |  1.2
Translocations | |  2.1

Action                   |  1- 3 |  4- 6 || total
-------------------------+-------+-------++-------
Melee: Unarmed           |   108 |    14 ||   122
       Punch             |     1 |       ||     1
Throw: Boomerang         |     5 |       ||     5
       Stone             |    31 |       ||    31
       Javelin           |     4 |     1 ||     5
Armor: Robe              |    52 |    18 ||    70
Dodge: Dodged            |    51 |     8 ||    59

Table legend: (Time is in decaauts)
 A = Elapsed time spent in this place.
 B = Non-inter-level travel time spent in this place.
 C = Inter-level travel time spent in this place.
 D = Time resting spent in this place.
 E = Time spent auto-exploring this place.
 F = Levels seen in this place.
 G = Mean time per level.
                   A        B        C        D        E       F      G
               +--------+--------+--------+--------+--------+-----+--------+
         Total |   1853 |   1762 |     91 |    568 |    718 |   3 |  617.7 |
       Dungeon |   1853 |   1762 |     91 |    568 |    718 |   3 |  617.7 |
               +--------+--------+--------+--------+--------+-----+--------+

Top non-repeatable levels by time:
     D:1: 1004 daAuts
     D:2: 824 daAuts
     D:3: 25 daAuts
